 Dungeon Crawl Stone Soup version 0.14.2 (webtiles) character file.

160 GrosslyIncandescent the Cutter (level 3, 26/26 HPs)
             Began as a Minotaur Earth Elementalist on Mar 7, 2016.
             Quit the game on Level 1 of the Dungeon.
             The game lasted 00:03:13 (2115 turns).

GrosslyIncandescent the Cutter (MiEE)               Turns: 2115, Time: 00:03:13

HP  26/26        AC  8     Str 12      XL: 3   Next: 89%
MP   1/3         EV  5     Int 12      God:
Gold 97          SH  0     Dex 11      Spells:  1 memorised,  3 levels left

rFire  . . .     SeeInvis .     (no weapon)
rCold  . . .     Clarity  .     p - +0 chain mail
rNeg   . . .     Conserve .     (no shield)
rPois  .         rCorr    .     (helmet restricted)
rElec  .         rRot     .     (no cloak)
SustAb . .       Spirit   .     (no gloves)
rMut   .         Warding  .     (no boots)
Saprov . . .     Stasis   .     (no amulet)
MR     .....                    (no ring)
                                (no ring)

@: very slightly contaminated, not resistant to hostile enchantments, extremely
unstealthy
A: retaliatory headbutt, horns 2
a: no special abilities


You were on level 1 of the Dungeon.
You were not hungry.

You visited 1 branch of the dungeon, and saw 2 of its levels.

You collected 97 gold pieces.

Inventory:

Hand weapons
 f - a +0,+0 dagger
Missiles
 b - 14 stones (quivered)
Armour
 m - a +0 ring mail
 p - a +0 chain mail (worn)
Comestibles
 a - 2 bread rations
 n - a meat ration
Scrolls
 c - 3 scrolls of identify {unknown}
 e - a scroll of random uselessness {unknown}
 j - a scroll of immolation {unknown}
 l - a scroll of enchant weapon I {unknown}
 o - a scroll of recharging {unknown}
Potions
 g - a potion of curing
 h - a potion of paralysis
 i - a potion of mutation {unknown}
 k - a potion of invisibility {unknown}
Books
 d - a book of Geomancy

   Spells                             Type                      Level
   *Sandblast                         Earth                        1
   Stoneskin                          Transmutation/Earth          2
   Passwall                           Transmutation/Earth          3
   Stone Arrow                        Conjuration/Earth            3
   Petrify                            Transmutation/Earth          4
   Lee's Rapid Deconstruction         Earth                        5


   Skills:
 + Level 0.2 Fighting
 * Level 3.1 Short Blades
 + Level 2.1 Armour
 - Level 2.1 Dodging
 - Level 1.5 Stealth
 - Level 1.4 Spellcasting
   Level 0.7 Transmutations
 - Level 2.4 Earth Magic


You had 3 spell levels left.
You knew the following spells:

 Your Spells              Type           Power        Failure   Level  Hunger
a - Sandblast             Erth           #.....       100%        1    ##.....


Dungeon Overview and Level Annotations

Branches:
Dungeon (2/15)

Altars:


Innate Abilities, Weirdness & Mutations

You reflexively headbutt those who attack you in melee.
You have a pair of horns on your head.


Message History

Aiming: Sandblast
Press: ? - help, Shift-Dir - straight line You miscast Sandblast.
Nothing appears to happen.
Casting: Sandblast
Confirm with . or Enter, or press ? or * to list all spells.
Aiming: Sandblast
Press: ? - help, Shift-Dir - straight line You miscast Sandblast.
You feel gritty.
Casting: Sandblast
Confirm with . or Enter, or press ? or * to list all spells.
Aiming: Sandblast
Press: ? - help, Shift-Dir - straight line You miscast Sandblast.
You are contaminated with residual magics.
Sand pours from your hands.
You start resting.
You feel less contaminated with magical energies.
You start resting.
A goblin comes into view. It is wielding a club.
Are you sure you want to abandon this character and quit the game? (Confirm with "yes".)

#.## #.....#.#.##.# #..#
#.....#.#.##.#
##+###########'#.##.#
#.#.#♣♣♣♣♣#.#.#.##.#
########.............#.##.#
#......#..♣..♣.♣.g♣..#.##.#
#......#≈#♣♣..≈..♣♣#≈#.##.#
#......#≈#P♣.≈≈≈.♣P#≈#.##.#
#......#≈#@..≈8≈..>#≈#.....
#......#≈#P♣.≈≈≈.♣P#≈#.....
#......#≈#♣♣..≈..♣♣#≈#.##.#
#......#..♣..♣.♣..♣..#.##%#
#......#.............#.##.#
#......#.#.#♣♣♣♣♣#.#.#.##.#
#......#'###########'#.##.#
#..........................
#..........................


You could see a goblin (wandering).

Vanquished Creatures
  4 adders (D:2)
  5 bats
  4 hobgoblins (D:2)
  2 ball pythons
  A giant gecko (D:2)
  4 giant newts (D:1)
  4 goblins
  3 kobolds
  A rat (D:1)
28 creatures vanquished.

Notes
Turn   | Place    | Note
--------------------------------------------------------------
     0 | D:1      | GrosslyIncandescent, the Minotaur Earth Elementalist, began the quest for the Orb.
     0 | D:1      | Reached XP level 1. HP: 14/14 MP: 2/2
   385 | D:1      | Reached skill level 1 in Short Blades
   517 | D:1      | Reached XP level 2. HP: 12/20 MP: 2/2
   960 | D:2      | Reached skill level 1 in Armour
  1223 | D:2      | Reached XP level 3. HP: 26/26 MP: 3/3
  1386 | D:2      | Paralysed by a potion of paralysis for 3 turns
  1781 | D:2      | Reached skill level 3 in Short Blades
  2115 | D:1      | Quit the game

Action                   || total
-------------------------++-------
Melee: Dagger            ||   109
       Unarmed           ||     3
Throw: Stone             ||     1
 Cast: Sandblast         ||     6
  Use: Potion            ||     2
